cohdb
Replays
Latest Replays
All Replays
Popular Replays
Top Player Replays
Match Explorer
How It Works
Community
CoH3 Stats
Reddit
Sign in to upload your games and track your stats! →
Sign in with Steam
Match 41124948
Unlisted
Match 41124948
Overview
Messages
Build Orders
End
Kettenkrad Recon Vehicle
Construct Infanterie Kompanie
MG 42 Machine Gun Team
MG 42 Machine Gun Team
Grenadier Squad
GrW 34 Mortar Team
Kettenkrad Recon Vehicle
Construct Luftwaffe Kompanie
Jäger Squad
Medical Station
221 Scout Car
Construct Panzer Kompanie
Hank Grill
Fruti2k
Bran
DrewP
0
0
Comments
sign in to comment!
No comments posted yet!